 Dungeon Crawl Stone Soup version 0.30-b1-2-g02819fbbbe (webtiles) character file.

Game seed: 4366592701361003690

81455 sanka the Severer (level 16, -1/126 (136) HPs)
             Began as a Formicid Ice Elementalist on May 9, 2023.
             Was a High Priest of Vehumet.
             Slain by Rupert
             ... wielding a +2 great sword of protection
              (29 damage)
             ... on level 13 of the Dungeon.
             The game lasted 01:09:41 (26703 turns).

sanka the Severer (Formicid Ice Elementalist)      Turns: 26703, Time: 01:09:42

HP:   -1/126 (136)  AC: 23    Str: 14    XL:     16   Next: 18%
MP:   15/20         EV: 20    Int: 22    God:    Vehumet [*****.]
Gold: 2412          SH:  0    Dex: 20    Spells: 7/21 levels left

rFire   . . .        a - +9 war axe of Isayle {freeze, *Corrode rPois Dex+6}
rCold   . . .        (no shield)
rNeg    + . .        X - quicksilver dragon scales
rPois   +            (helmet unavailable)
rElec   .            R - +2 cloak {rCorr}
rCorr   +            F - +0 pair of gloves
SInv    +            h - +2 pair of boots
Will    +++..        G - amulet of the acrobat
Stlth   ++           s - ring of positive energy
HPRegen 0.41/turn    v - ring of willpower
MPRegen 0.17/turn

%: corrode self (3%), acrobat
@: ice-armoured, freezing walls, drained
A: permanent stasis, dig shafts and tunnels, antennae 3, four strong arms
a: Dig, Shaft Self, Renounce Religion


You were on level 13 of the Dungeon.
You worshipped Vehumet.
Vehumet was extremely pleased with you.
You visited 3 branches of the dungeon, and saw 20 of its levels.
You also visited: Sewer and Ice Cave.

You collected 3007 gold pieces.
You spent 595 gold pieces at shops.

Inventory:

Hand Weapons
 a - the +9 war axe of Isayle (weapon) {freeze, *Corrode rPois Dex+6}
   (You took it off an orc on level 5 of the Dungeon)

   Dex:       It affects your dexterity (+6).
   rPois:     It protects you from poison.
   *Corrode:  It may corrode you when you take damage.
 f - a +0 short sword of distortion
 V - a +4 battleaxe of draining
 Y - the +5 morningstar of Yzu Hean {drain, rElec MP+9 Str+8 Int+2}
   (You found it in an ice cave)

   Str:       It affects your strength (+8).
   Int:       It affects your intelligence (+2).
   rElec:     It insulates you from electricity.
   MP:        It affects your magic capacity (+9).
Missiles
 i - 2 curare-tipped darts {=f}
Armour
 h - a +2 pair of boots (worn)
 z - a +1 crystal plate armour of cold resistance
 F - a +0 pair of gloves (worn)
 R - a +2 cloak of preservation (worn)
 X - quicksilver dragon scales (worn)
Magical Staves
 b - a staff of cold
 r - a staff of earth
Jewellery
 s - a ring of positive energy (left hand)
 v - a ring of willpower (right hand)
 C - a ring of resist corrosion
 G - an amulet of the acrobat (around neck)
 W - an amulet of faith
Wands
 x - a wand of paralysis (12)
 A - a wand of flame (31)
 D - a wand of polymorph (21)
 L - a wand of iceblast (12)
 O - a wand of quicksilver (4)
 P - a wand of digging (13)
 Q - a wand of mindburst (3)
Scrolls
 e - 3 scrolls of amnesia
 g - 11 scrolls of magic mapping
 j - 2 scrolls of acquirement
 n - 4 scrolls of poison
 o - 2 scrolls of noise {!r}
 y - a scroll of enchant weapon
 B - a scroll of vulnerability {!r}
 E - a scroll of torment {!r}
 I - 3 scrolls of silence {!r}
 J - a scroll of butterflies
 S - 4 scrolls of enchant armour
 T - 2 scrolls of fear
 U - 5 scrolls of fog
Potions
 c - 4 potions of flight
 d - 2 potions of heal wounds {@q2}
 k - 3 potions of lignification {!q}
 l - a potion of invisibility
 m - 9 potions of curing {@q1}
 p - a potion of ambrosia {unknown}
 q - a potion of might
 t - 8 potions of brilliance
 u - 4 potions of attraction {!q}
 w - 4 potions of magic
 H - a potion of resistance
 K - a potion of cancellation {unknown}
 N - a potion of mutation {unknown}
Miscellaneous
 M - a condenser vane


   Skills:
 - Level 15.0 Fighting
 + Level 15.9 Axes
 + Level 4.8 Armour
 + Level 14.7 Dodging
 - Level 2.4 Stealth
 - Level 3.0 Spellcasting
 - Level 8.0 Ice Magic


You had 7 spell levels left.
You knew the following spells:

 Your Spells              Type           Power      Damage    Failure   Level
a - Freeze                Ice            100%       1d10      1%          1
b - Frozen Ramparts       Ice            76%        1d12      1%          3
c - Ozocubu's Armour      Ice            38%        N/A       2%          3
d - Ozocubu's Refrigerat  Ice            19%        4d11      85%         7

Your spell library contained the following spells:

 Spells                   Type           Power      Damage    Failure   Level
 Orb of Destruction       Conj           1%         9d5       100%        7
 Hailstorm                Conj/Ice       20%        3d6       4%          3
 Foxfire                  Conj/Fire      12%        2x1d4     7%          1
 Magic Dart               Conj           12%        1d3       7%          1
 Scorch                   Fire           6%         2d5       10%         2
 Dazzling Flash           Conj/Hex       6%         N/A       17%         3
 Ignite Poison            Fire/Tmut/Pois 3%         N/A       17%         3
 Mephitic Cloud           Conj/Pois/Air  3%         N/A       17%         3
 Stone Arrow              Conj/Erth      6%         3d7       17%         3
 Volatile Blastmotes      Fire/Tloc      6%         2d10      17%         3
 Beastly Appendage        Tmut           6%         N/A       24%         1
 Call Imp                 Summ           6%         N/A       34%         2
 Cigotuvi's Dreadful Rot  Necr/Pois/Air  6%         N/A       34%         2
 Lesser Beckoning         Tloc           6%         N/A       34%         2
 Wereblood                Tmut           3%         N/A       34%         2
 Summon Ice Beast         Ice/Summ       20%        N/A       41%         4
 Freezing Cloud           Conj/Ice/Air   7%         6-21      47%         5
 Flame Wave               Conj/Fire      3%         2d5       50%         4
 Fulminant Prism          Conj/Hex       1%         3d5       50%         4
 Iskenderun's Mystic Bla  Conj/Tloc      3%         2d3       50%         4
 Call Canine Familiar     Summ           3%         N/A       56%         3
 Gell's Gravitas          Tloc           3%         N/A       56%         3
 Portal Projectile        Hex/Tloc       6%         N/A       56%         3
 Spider Form              Tmut/Pois      3%         N/A       56%         3
 Teleport Other           Tloc           3%         N/A       56%         3
 Metabolic Englaciation   Hex/Ice        10%        N/A       77%         5
 Fireball                 Conj/Fire      1%         3d3       82%         5
 Lee's Rapid Deconstruct  Erth           1%         3d4*      82%         5
 Animate Armour           Summ/Erth      6%         N/A       93%         4
 Leda's Liquefaction      Hex/Erth       1%         N/A       93%         4
 Passage of Golubria      Tloc           3%         N/A       93%         4
 Agony                    Necr           3%         N/A       100%        5
 Blade Hands              Tmut           1%         N/A       100%        5
 Silence                  Hex/Air        1%         N/A       100%        5
 Iron Shot                Conj/Erth      1%         9d1       100%        6
 Plasma Beam              Fire/Air       1%         2x1d12    100%        6
 Simulacrum               Ice/Necr       10%        N/A       100%        6
 Starburst                Conj/Fire      1%         6d3       100%        6
 Summon Cactus Giant      Summ           1%         N/A       100%        6
 Lehudib's Crystal Spear  Conj/Erth      1%         10d2      100%        8


Dungeon Overview and Level Annotations

Branches:
Dungeon (13/15)            Temple (0/1) D:5            Lair (5/5) D:8
  Swamp (0/4) Lair:3       Spider (0/4) Lair:3        Slime (0/5) Lair:4
    Orc (2/2) D:12            Elf (0/3) Orc:2         Sewer (visited)
  IceCv (visited)
 Vaults: D:13-14

Altars:
Ashenzari
Cheibriados
Fedhas
Kikubaaqudgha
Makhleb
Nemelex Xobeh
Qazlal
Sif Muna
Trog
Uskayaw
Vehumet
Yredelemnul
Zin

Shops:
D:3 !   D:6 *:*!:   D:8 :   D:9 ?[[   Orc:2 (*(!

Annotations:
D:7 exclusions: centaur and 2 more exclusions
D:13 Rupert
Lair:4 3 runed translucent doors, Nyzic's ghost, journeyman TrMo; Raneoc's ghost, journeyman MiFi


Innate Abilities, Weirdness & Mutations

You cannot be hasted, slowed, berserked, paralysed or teleported.
You can dig through walls and to a lower floor.
You have a pair of large antennae on your head. (SInv)
Your four strong arms can wield two-handed weapons with a shield.


Message History

Confirm with . or Enter, or press ? or * to list all spells.
Casting: Frozen Ramparts (safe; 1% risk of failure)
Press: ? - help, Dir - look around, f - activate The walls around you are covered in ice.
The wall freezes Rupert.
Rupert misses you.
The wall freezes Rupert but does no damage.
Rupert hits you with a +2 great sword of protection!!
Unknown command.
Casting: Frozen Ramparts (safe; 1% risk of failure)
Confirm with . or Enter, or press ? or * to list all spells.
A film of ice covers your body!
The wall freezes Rupert.
Rupert hits you with a +2 great sword of protection.
Unknown command.
You hit Rupert but do no damage.
Rupert is severely wounded.
The wall freezes Rupert but does no damage.
Rupert hits you with a +2 great sword of protection!!
* * * LOW HITPOINT WARNING * * *
Unknown command.
You hit Rupert. You freeze Rupert.
Rupert is severely wounded.
The wall freezes Rupert.
Rupert barely misses you.
Unknown command.
You barely miss Rupert.
Rupert is severely wounded.
The wall freezes Rupert.
Rupert hits you but does no damage.
You slice Rupert!! You freeze Rupert.
Rupert is almost dead.
The wall freezes Rupert but does no damage.
Rupert hits you with a +2 great sword of protection!!
* * * LOW HITPOINT WARNING * * *
You feel much better.
The wall freezes Rupert.
Rupert hits you with a +2 great sword of protection!
* * * LOW HITPOINT WARNING * * *
The wall freezes Rupert.
Rupert misses you.
You slice Rupert!! You freeze Rupert.
Rupert is almost dead.
The wall freezes Rupert but does no damage.
Rupert hits you with a +2 great sword of protection!!
You die...

#.# #.#.#
#.#.# #.#.#
#.#.# #.#?#
#.#.# #.#.#
#.#@##
#.@†<####..
#..........#
#
##...####.##
#. #...##
###.###.###
........####
...........#
...........#


You could see Rupert (berserk).

Vanquished Creatures
  4 hydras
  Erolcha (D:10)
  5 two-headed ogres
  Erica (D:8)
  3 catoblepae
  2 death yaks
  An orc high priest (Orc:2)
  Urug (Lair:5)
  Sonja (Lair:1)
  4 skysharks (Lair:5)
  Lodul (D:11)
  A goliath frog (Lair:5)
  3 skeletal warriors (D:11)
  3 orc knights
  A lindwurm (Lair:5)
  2 cyclopes (D:11)
  2 deep elf pyromancers (D:12)
  6 orc sorcerers
  3 ugly things
  26 elephants
  2 oklob plants (Lair:1)
  Maurice (Orc:1)
  Joseph (Lair:1)
  6 black mambas
  3 ice statues (IceCv)
  2 torpor snails (Lair:1)
  2 gargoyles (D:12)
  A kobold demonologist (D:12)
  26 cane toads
  An unseen horror (D:10)
  4 rime drakes
  10 komodo dragons
  Psyche (D:8)
  2 anaconda simulacra (IceCv)
  4 trolls
  A polar bear (Lair:4)
  A tyrant leech (Lair:5)
  33 blink frogs
  3 dream sheep (Lair:1)
  3 shadows
  A wyvern (D:8)
  56 yaks
  A dire elephant simulacrum (IceCv)
  6 basilisks
  A redback (Lair:3)
  Grum (Lair:1)
  5 steam dragons
  2 wargs
  12 vampire mosquitoes
  A death yak simulacrum (IceCv)
  11 water moccasins
  An acid dragon (D:11)
  2 ice beasts
  21 orc warriors
  12 ogres
  36 wolves
  5 centaurs
  4 phantoms
  3 kobold brigands
  21 bullfrogs
  A cane toad simulacrum (IceCv)
  10 electric eels
  2 howler monkeys
  2 jellies (D:6)
  2 gnoll boudas
  20 orc priests
  4 hounds
  4 sleepcaps
  4 iguanas
  Natasha (thrice) (D:3)
  29 orc wizards
  A wolf simulacrum (IceCv)
  2 polar bear simulacra (IceCv)
  12 gnolls
  13 adders
  13 white imps
  An ufetubus (D:6)
  4 worms
  3 dart slugs
  75 orcs
  6 endoplasms
  6 giant cockroaches
  7 hobgoblins
  15 kobolds
  11 quokkas
  9 ball pythons
  2 bats (D:3)
  5 frilled lizards
  8 goblins
  2 rats
  A spectral orc (D:9)
657 creatures vanquished.

Vanquished Creatures (others)
  An orc wizard (Orc:2)
  A bush (Lair:5)
  44 fungi
  182 plants
228 creatures vanquished.

Grand Total: 885 creatures vanquished

Notes
Turn   | Place    | Note
-------+----------+-------------------------------------------
     0 | D:1      | sanka the Formicid Ice Elementalist began the quest for the
                  | Orb.
     0 | D:1      | Reached XP level 1. HP: 13/13 MP: 3/3
   250 | D:1      | Reached XP level 2. HP: 19/19 MP: 1/5
   858 | D:1      | Reached XP level 3. HP: 23/24 MP: 5/7
   881 | D:1      | Learned a level 3 spell: Frozen Ramparts
  1767 | D:3      | Reached skill level 5 in Ice Magic
  1767 | D:3      | Reached XP level 4. HP: 22/30 MP: 1/8
  1885 | D:3      | Found a faded altar of an unknown god.
  1949 | D:3      | Found an ancient bone altar of Kikubaaqudgha.
  1991 | D:3      | Noticed Natasha
  1998 | D:3      | Killed Natasha
  1999 | D:3      | Reached XP level 5. HP: 25/35 MP: 5/9
  2236 | D:3      | Noticed Natasha
  2240 | D:3      | Killed Natasha
  2241 | D:3      | Reached XP level 6. HP: 38/41 MP: 6/10
  2261 | D:3      | Noticed Natasha
  2266 | D:3      | Killed Natasha
  2437 | D:3      | Found a snail-covered altar of Cheibriados.
  2437 | D:3      | Found a bloodstained altar of Trog.
  2519 | D:3      | Found Nofoab's Distillery.
  2745 | D:4      | Found a glowing silver altar of Zin.
  2815 | D:4      | Learned a level 3 spell: Ozocubu's Armour
  3012 | D:4      | Found a radiant altar of Vehumet.
  3022 | D:4      | Became a worshipper of Vehumet
  3514 | D:5      | Entered Level 5 of the Dungeon
  3553 | D:5      | Identified the +9 war axe of Isayle {freeze, *Corrode rPois
                  | Dex+6}
  3658 | D:5      | Reached XP level 7. HP: 31/46 MP: 5/11
  4065 | D:5      | Reached skill level 1 in Fighting
  4065 | D:5      | Reached skill level 1 in Axes
  4195 | D:5      | Found a staircase to the Ecumenical Temple.
  4347 | D:5      | Reached XP level 8. HP: 53/56 MP: 7/12
  4600 | D:6      | Reached * piety under Vehumet
  4600 | D:6      | Offered knowledge of Shock by Vehumet.
  4656 | D:6      | Found a glowing drain.
  4722 | Sewer    | Entered a sewer
  5281 | D:6      | Found Viwaghod's Book Boutique.
  5309 | D:6      | Found Sityxtoh's Distillery.
  5328 | D:6      | Bought a potion of heal wounds for 50 gold pieces
  5328 | D:6      | Bought a potion of magic for 80 gold pieces
  5328 | D:6      | Bought a potion of invisibility for 80 gold pieces
  5328 | D:6      | Bought a potion of curing for 30 gold pieces
  5373 | D:6      | Found Eniafysi's Assorted Antiques.
  5530 | D:6      | Found Mynus's General Store.
  5673 | D:6      | Reached XP level 9. HP: 55/66 MP: 13/13
  5744 | D:6      | Found Naak's Book Emporium.
  5819 | D:6      | Found a stormy altar of Qazlal.
  5823 | D:6      | Found a hide-covered altar of Uskayaw.
  5944 | D:6      | Reached ** piety under Vehumet
  5944 | D:6      | Offered knowledge of Magic Dart by Vehumet.
  5947 | D:6      | Reached skill level 5 in Fighting
  6110 | D:6      | Noticed a two-headed ogre
  6118 | D:6      | HP: 2/68 [two-headed ogre/+0 giant club (14)]
  6120 | D:6      | Killed a two-headed ogre
  6121 | D:6      | Reached skill level 5 in Axes
  6121 | D:6      | Reached skill level 5 in Dodging
  6975 | D:7      | Found a sparkling altar of Nemelex Xobeh.
  7097 | D:7      | Reached XP level 10. HP: 51/77 MP: 14/14
  7577 | D:7      | Offered knowledge of Poisonous Vapours by Vehumet.
  8105 | D:8      | Noticed Erica
  8118 | D:8      | Killed Erica
  8122 | D:8      | Reached *** piety under Vehumet
  8249 | D:8      | Noticed Psyche
  8342 | D:8      | Killed Psyche
  8603 | D:8      | Offered knowledge of Olgreb's Toxic Radiance by Vehumet.
  8604 | D:8      | Reached XP level 11. HP: 82/87 MP: 13/15
  8633 | D:8      | Found a staircase to the Lair.
  8888 | D:8      | Found a shimmering blue altar of Sif Muna.
  9234 | D:8      | Found a blossoming altar of Fedhas.
  9371 | D:8      | Found Povoczem's Tiny Tomes.
  9486 | D:9      | Noticed a two-headed ogre
  9486 | D:9      | Noticed a two-headed ogre
  9495 | D:9      | Killed a two-headed ogre
  9607 | D:9      | Killed a two-headed ogre
  9716 | D:9      | Found a burning altar of Makhleb.
  9854 | D:9      | Found a broken altar of Ashenzari.
  9957 | D:9      | Found Rats's Antique Armour Emporium.
  9958 | D:9      | Found Otuheug's Magic Scroll Emporium.
  9959 | D:9      | Found Tikh's Armour Emporium.
 10400 | D:9      | Identified the +9 spear "Satep" {drain, Str+4 Stlth-}
 10436 | D:9      | Reached **** piety under Vehumet
 10436 | D:9      | Offered knowledge of Yara's Violent Unravelling by Vehumet.
 10437 | D:9      | Reached skill level 10 in Fighting
 10516 | D:9      | Found a basalt altar of Yredelemnul.
 10666 | D:10     | Entered Level 10 of the Dungeon
 11567 | D:9      | Bought a +2 cloak of preservation for 301 gold pieces
 11600 | D:10     | Noticed Erolcha
 11605 | D:10     | Killed Erolcha
 11606 | D:10     | Reached XP level 12. HP: 98/98 MP: 16/16
 11625 | D:10     | Identified the +1 leather armour "Sukilu" {Contam Str+5}
 11749 | D:11     | Reached skill level 10 in Axes
 11882 | D:11     | Noticed Lodul
 11898 | D:11     | Killed Lodul
 12299 | D:11     | Noticed a two-headed ogre
 12310 | D:11     | Killed a two-headed ogre
 12337 | D:11     | Noticed a two-headed ogre
 12350 | D:11     | Killed a two-headed ogre
 12446 | D:11     | Reached skill level 10 in Dodging
 12545 | D:11     | Noticed a skeletal warrior
 12546 | D:11     | Noticed a skeletal warrior
 12712 | Lair:1   | Entered Level 1 of the Lair of Beasts
 12712 | Lair:1   | Noticed Sonja
 12715 | Lair:1   | Killed Sonja
 12807 | Lair:1   | Reached ***** piety under Vehumet
 12858 | Lair:1   | Offered knowledge of Ozocubu's Refrigeration by Vehumet.
 12863 | Lair:1   | Reached XP level 13. HP: 68/108 MP: 14/17
 12942 | Lair:1   | Noticed Grum
 12953 | Lair:1   | Killed Grum
 13066 | Lair:1   | Learned a level 7 spell: Ozocubu's Refrigeration
 13757 | Lair:1   | Noticed Joseph
 13774 | Lair:1   | Killed Joseph
 13988 | Lair:1   | Found a blossoming altar of Fedhas.
 15316 | Lair:3   | Reached XP level 14. HP: 119/119 MP: 18/18
 15866 | Lair:3   | Found a hole to the Spider Nest.
 16198 | Lair:3   | Found a staircase to the Swamp.
 16213 | Lair:3   | Offered knowledge of Iskenderun's Battlesphere by Vehumet.
 17024 | D:6      | Bought a scroll labelled ZITATHR ASTRIA for 24 gold pieces
 17081 | D:6      | Bought a potion of attraction for 30 gold pieces
 18442 | Lair:4   | Found a runed translucent gate.
 18442 | Lair:4   | Found a runed translucent gate.
 18442 | Lair:4   | Found a runed translucent gate.
 18446 | Lair:4   | Noticed Nyzic's ghost (journeyman TrMo)
 18446 | Lair:4   | Noticed Raneoc's ghost (journeyman MiFi)
 18504 | Lair:4   | Found a staircase to the Slime Pits.
 19014 | Lair:5   | Entered Level 5 of the Lair of Beasts
 19283 | Lair:5   | Offered knowledge of Plasma Beam by Vehumet.
 19477 | Lair:5   | Reached skill level 15 in Fighting
 19785 | Lair:5   | Reached XP level 15. HP: 81/129 MP: 19/19
 20146 | Lair:5   | Noticed Urug
 20168 | Lair:5   | Killed Urug
 20741 | Lair:5   | Reached skill level 15 in Axes
 21854 | D:11     | Reached skill level 1 in Armour
 22811 | D:12     | Found a staircase to the Orcish Mines.
 22879 | D:12     | Found a frozen archway.
 22886 | D:12     | Offered knowledge of Orb of Destruction by Vehumet.
 22934 | IceCv    | Entered an ice cave
 23922 | IceCv    | Identified the +5 morningstar of Yzu Hean {drain, rElec
                  | MP+9 Str+8 Int+2}
 24451 | Orc:1    | Entered Level 1 of the Orcish Mines
 24665 | Orc:1    | Noticed Maurice
 24690 | Orc:1    | Killed Maurice
 24808 | Orc:2    | Entered Level 2 of the Orcish Mines
 24836 | Orc:2    | Found a staircase to the Elven Halls.
 25002 | Orc:1    | Reached XP level 16. HP: 81/119 MP: 20/20
 25815 | Orc:2    | Found Purphoa's Distillery.
 25815 | Orc:2    | Found Kicat's Assorted Antiques.
 25816 | Orc:2    | Found Lukhlunn's Antique Weapon Boutique.
 25820 | Orc:2    | Found Icvurebb's Antique Weapon Shop.
 26576 | D:13     | Noticed Rupert
 26703 | D:13     | Slain by Rupert

Illustrated notes

Levels and vault maps discovered:
D:1:      eino_arrival_tree_alley, layout_basic, minmay_statues_item,
          minmay_misc_feat_columns, minmay_misc_feat_pillars,
          amcnicky_mini_rare_corridor_liquid
D:2:      layout_loops_cross, kennysheep_generic_room_4
D:3:      layout_rooms, mainiacjoe_overflow_small_starburst,
          gammafunk_temple_overflow_wave,
          dreamdust_ecumenical_altar_hidden_monk_grotto, serial_shops,
          nicolae_shop_behind_doors, hangedman_decor_growths, uniq_natasha
D:4:      layout_basic, mainiacjoe_overflow_catwalk,
          mainiacjoe_overflow_six_doors_small
D:5:      layout_cave_pools, minmay_temple_entry_stoned_glass, dk_noncrumbling_3
D:6:      minmay_razor_zed, layout_layer_cave, nicolae_overflow_hidden_temple,
          serial_shops, nicolae_shop_temple_entry_statues_fountains, shop, shop,
          shop, shop, cheibrodos_sewer_entry_bend
D:7:      layout_rooms, amcnicky_altar_gilded, centaur_isle
D:8:      layout_basic, mainiacjoe_overflow_catch_the_wave,
          minmay_lair_entry_grove, nicolae_shop_i_like_small_books_too,
          uniq_psyche, uniq_erica
D:9:      layout_roguey, mainiacjoe_overflow_concentric_impassable,
          lemuel_crystal_altar, yredelemnul_forgotten_temple_becter,
          nicolae_shop_distant_corner_stores
D:10:     layout_basic, uniq_erolcha
D:11:     layout_irregular_city, uniq_lodul
D:12:     layout_basic, erik_orc_3, portal_ice_cave_entry_imps
D:13:     layout_loops_ring, david_vaults_5, uniq_rupert
Lair:1:   layout_regular_city, hangedman_tree_tricks,
          cheibrodos_lair_reptile_den, serial_bayou_shore_a, grunt_megastairs_5,
          uniq_grum, uniq_joseph, uniq_sonja
Lair:2:   layout_small_grid
Lair:3:   layout_concentric_octagons, minmay_swamp_entry_swarm,
          spider_nest_entry_rubble, nicolae_quartered_pool_super
Lair:4:   layout_cave_pods, dpeg_slime_entry_corner, gammafunk_ghost_cemetery,
          grunt_forest_large_clearings
Lair:5:   minmay_lair_end_frog_pond, layout_long_grid, st_stairs_4,
          nicolae_lair_yak_garden, infiniplex_staircase_pool_2, uniq_urug
Orc:1:    layout_caves, uniq_maurice
Orc:2:    st_orc_mages, layout_caves, mines1_david

Skill      XL: |  1  2  3  4  5  6  7  8  9 10 11 12 13 14 15 16 |
---------------+-------------------------------------------------+-----
Spellcasting   | 3 |  3.0
Ice Magic      | 5 6 7 8 |  8.0
Fighting       | 2 4 6 8 10 12 13 15 | 15.0
Axes           | 2 4 6 8 9 11 12 14 15 | 15.9
Dodging        | 2 4 5 7 9 10 11 13 14 | 14.7
Armour         | 3 4 |  4.8
Stealth        | |  2.4

Action                     |  1- 3 |  4- 6 |  7- 9 | 10-12 | 13-15 | 16-18 || total
---------------------------+-------+-------+-------+-------+-------+-------++-------
  Melee: Unarmed           |     9 |     3 |       |       |       |       ||    12
         Staff             |       |     1 |       |       |       |       ||     1
         War axe           |       |       |   119 |   253 |   932 |   149 ||  1453
         Punch             |       |       |       |     2 |    13 |     4 ||    19
   Cast: Freeze            |    46 |    56 |    27 |       |    27 |       ||   156
         Frozen Ramparts   |     1 |     4 |     5 |    28 |    55 |     1 ||    94
         Ozocubu's Armour  |       |       |     8 |    26 |    54 |     3 ||    91
Ability: Dig               |       |       |       |       |     2 |     1 ||     3
  Evoke: Wand              |       |       |       |    14 |     7 |       ||    21
    Use: Scroll            |       |       |       |    13 |    11 |       ||    24
         Potion            |       |       |       |       |     3 |     5 ||     8
   Stab: Sleeping          |       |       |     4 |     1 |     7 |       ||    12
         Distracted        |       |       |       |       |     1 |       ||     1
         Held in net/web   |       |       |       |       |     1 |       ||     1
         Invisible         |       |       |       |       |    16 |    12 ||    28
         Petrified         |       |       |       |       |     4 |     7 ||    11
 Armour: Robe              |     7 |    11 |    47 |    28 |       |       ||    93
         Steam dragon scal |       |       |       |    32 |   176 |       ||   208
         Quicksilver drago |       |       |       |       |    57 |    19 ||    76
  Dodge: Dodged            |    24 |    24 |   136 |   226 |   955 |    81 ||  1446
